 Dungeon Crawl Stone Soup version 0.18-a0-1300-g6e8322c (webtiles) character file.

19 Duffy the Twirler (level 2, 20/24 HPs)
             Began as a Demigod Gladiator on Feb 11, 2016.
             Quit the game on level 1 of the Dungeon.
             The game lasted 00:00:39 (812 turns).

Duffy the Twirler (Demigod Gladiator)                Turns: 812, Time: 00:00:39

Health: 20/24      AC:  5    Str: 18    XL:     2   Next: 39%
Magic:  4/4        EV: 13    Int: 12    God:
Gold:   53         SH:  0    Dex: 16    Spells: 0 memorised, 1 level left

rFire  . . .     SeeInvis .     a - +0 quarterstaff
rCold  . . .     Gourm    .     b - +0 leather armour
rNeg   . . .     Faith    .     (shield currently unavailable)
rPois  .         Spirit   .     c - +0 helmet
rElec  .         Dismiss  .     (no cloak)
rCorr  .         Reflect  .     e - +0 pair of gloves
SustAt +         Harm     .     (no boots)
MR     .....     Rnd*Tele +     (no amulet)
Stlth  +.........               (no ring)
                                l - ring of teleportation (curse)

@: very slightly contaminated, not resistant to hostile enchantments, very
unstealthy
A: high mp 1, sustain attributes
a: no special abilities


You were on level 1 of the Dungeon.
You were not hungry.

You visited 1 branch of the dungeon, and saw 1 of its levels.

You collected 53 gold pieces.


Innate Abilities, Weirdness & Mutations

You have an increased reservoir of magic (+10% MP).
Your attributes are resistant to harm.


   Skills:
 - Level 1.7 Fighting
 + Level 3.5 Staves
 - Level 1.7 Throwing
 - Level 2.6 Dodging


You had one spell level left.
You didn't know any spells.

Inventory:

Hand Weapons
 a - a +0 quarterstaff (weapon)
Missiles
 d - 3 throwing nets (quivered)
Armour
 b - a +0 leather armour (worn)
 c - a +0 helmet (worn)
 e - a +0 pair of gloves (worn)
Jewellery
 l - a cursed ring of teleportation (left hand)
Potions
 g - a potion of agility {unknown}
 h - a potion of heal wounds {unknown}
Comestibles
 f - a bread ration
 i - 3 fruits

Dungeon Overview and Level Annotations

Branches:
Dungeon (1/15)


Message History

You closely miss the giant gecko. The giant gecko bites you.
You closely miss the giant gecko. The giant gecko barely misses you.
You hit the giant gecko but do no damage.
The giant gecko closely misses you. The giant gecko barely misses you.
You hit the giant gecko.
The giant gecko is heavily wounded.
The giant gecko bites you.
You miss the giant gecko.
The giant gecko is heavily wounded.
The giant gecko bites you. The giant gecko barely misses you.
You closely miss the giant gecko.
The giant gecko is heavily wounded.
The giant gecko bites you but does no damage.
You barely miss the giant gecko.
The giant gecko is heavily wounded.
The giant gecko bites you but does no damage.
You closely miss the giant gecko.
The giant gecko is heavily wounded.
The giant gecko completely misses you. The giant gecko closely misses you.
You closely miss the giant gecko.
The giant gecko is heavily wounded.
The giant gecko closely misses you.
You hit the giant gecko.
You kill the giant gecko!
Read which item? (? for menu, Esc to quit)
Blink to where?
Press: ? - help, Dir - move target cursor You are very lightly contaminated with residual magic.
As you read the scroll labeled QIGAINLEHI, it crumbles to dust.
It was a scroll of blinking.
Read which item? (? for menu, Esc to quit)
As you read the scroll labeled JUONUV MYALEQUHU, it crumbles to dust.
The air around you briefly surges with heat, but it dissipates.
It was a scroll of immolation.
Are you sure you want to abandon this character and quit the game? (Confirm with "yes".)

######### #.....[.#
#.......# #.).....#
#.......# #$......####
#####.......+...
#.....@.....##.# #####
#.##........##.# #....
#.##.#####+###.# #....
#.##'#####.# #.# #....
#........#.# #.# #....
#........#.# #.####....
#........#.###.........
#.##+#..).>.>..........
#.##.#.#######......###


There were no monsters in sight!

Action                   || total
-------------------------++-------
Melee: Quarterstaff      ||    46
  Use: Scroll            ||     2
 Stab: Sleeping          ||     1

Notes
Turn   | Place    | Note
--------------------------------------------------------------
     0 | D:1      | Duffy the Demigod Gladiator began the quest for the Orb.
     0 | D:1      | Reached XP level 1. HP: 17/17 MP: 3/3
   205 | D:1      | Reached skill level 3 in Staves
   438 | D:1      | Reached XP level 2. HP: 24/24 MP: 4/4
   812 | D:1      | Quit the game

Vault maps used:
D:1:      dpeg_arrival_arbitrary_a

Vanquished Creatures
  A giant gecko
  5 jackals
  3 bats
  A giant newt
  2 goblins
  4 kobolds
  A rat
17 creatures vanquished.
